 Dungeon Crawl Stone Soup version 0.28-a0-1117-g0bdd5ba030 (webtiles) character file.

Game seed: 5806188162438642431

18 SensoryNuts the Slasher (level 2, -1/22 HPs)
             Began as a Demonspawn Gladiator on Dec 11, 2021.
             Was a Believer of Nemelex Xobeh.
             Frozen to death by an endoplasm (2 damage)
             ... on level 2 of the Dungeon.
             The game lasted 00:01:09 (1168 turns).

SensoryNuts the Slasher (Demonspawn Gladiator)      Turns: 1168, Time: 00:01:09

Health: -1/22      AC:  6    Str: 14    XL:     2   Next: 48%
Magic:  2/2        EV: 12    Int:  9    God:    Nemelex Xobeh [**....]
Gold:   28         SH:  0    Dex: 14    Spells: 1/1 levels left

rFire   . . .      SeeInvis .   j - +3 spear (vorpal)
rCold   . . .      Faith    .   (no shield)
rNeg    . . .      Spirit   .   b - +0 leather armour
rPois   .          Reflect  .   c - +0 helmet
rElec   .          Harm     .   (no cloak)
rCorr   .          Rampage  .   (no gloves)
Will    .....                   (no boots)
Stlth   +.........              (no amulet)
HPRegen 0.07/turn               (no ring)
MPRegen 0.08/turn               (no ring)

@: no status effects
A: thin metallic scales 1
a: Renounce Religion, Draw Escape, Draw Destruction, Draw Summoning


You were on level 2 of the Dungeon.
You worshipped Nemelex Xobeh.
Nemelex Xobeh was pleased with you.
You visited 1 branch of the dungeon, and saw 2 of its levels.

You collected 28 gold pieces.

Inventory:

Hand Weapons
 a - a +0 long sword
 j - a +3 vorpal spear (weapon)
Missiles
 d - 3 throwing nets (quivered)
Armour
 b - a +0 leather armour (worn)
 c - a +0 helmet (worn)
Jewellery
 f - a ring of fire


   Skills:
 + Level 2.0 Fighting
 + Level 3.2 Long Blades
 + Level 1.8 Throwing
 + Level 2.9 Dodging
 + Level 0.2 Stealth


You had one spell level left.
You didn't know any spells.
Your spell library contained the following spells:

 Spells                   Type           Power      Damage    Failure   Level
 Blink                    Tloc           0%         N/A       61%         2
 Lesser Beckoning         Tloc           0%         N/A       83%         3
 Manifold Assault         Tloc           0%         N/A       100%        5


Dungeon Overview and Level Annotations

Branches:
Dungeon (2/15)

Altars:
Nemelex Xobeh

Annotations:
D:2 Terence


Innate Abilities, Weirdness & Mutations

You are partially covered in thin metallic scales. (AC +2)


Message History

Terence closely misses you. The endoplasm freezes you.
You are frozen.
You barely miss Terence.
Terence is moderately wounded.
The endoplasm barely misses you. Terence hits you with a +0 flail!
Ouch! That really hurt!
You are too injured to fight recklessly!
You are too injured to fight recklessly!
You are too injured to fight recklessly!
You are too injured to fight recklessly!
You feel much better.
The endoplasm hits you but does no damage.
Terence hits you with a +0 flail!
You barely miss Terence.
Terence is moderately wounded.
The endoplasm freezes you.
You are frozen.
Terence hits you but does no damage.
You hit Terence.
Terence is heavily wounded.
You feel a little less clever now. The endoplasm misses you.
Terence closely misses you.
You hit Terence but do no damage.
Terence is heavily wounded.
The endoplasm hits you but does no damage.
Terence barely misses you. The endoplasm freezes you.
You are frozen.
Terence hits you with a +0 flail!
* * * LOW HITPOINT WARNING * * *
You aren't carrying any potions.
As you read the scroll of enchant weapon, it crumbles to dust.
Your +2 vorpal spear glows red for a moment.
The endoplasm completely misses you. Terence hits you but does no damage.
You see here a bat corpse.
You hit Terence but do no damage.
Terence is heavily wounded.
The endoplasm freezes you.
You are frozen.
You die...
Your body glows slightly and disappears.

###########.#####
........................
#......######..#########
#......# ##...###
#....... ###...#
#..$...# #♣P.♣ #......#
♣P≈♣♣ #.....J### ♣♣.P♣
#.....@@.# ♣♣≈P♣
###.####.###♣♣♣♣♣≈≈P♣
#....♣PP♣.≈≈≈♣♣♣≈
####..≈≈≈≈..≈≈...
##♣P♣♣♣≈≈≈≈♣P♣ ♣♣♣
♣♣≈♣♣♣ ♣ ♣≈≈♣ ♣≈P♣ P.≈♣


You could see Terence and an endoplasm.

Vanquished Creatures
  A dart slug (D:1)
  2 endoplasms (D:1)
  A hobgoblin (D:1)
  3 kobolds (D:1)
  2 quokkas (D:1)
  A ball python (D:1)
  A bat (D:2)
  5 rats (D:1)
16 creatures vanquished.

Vanquished Creatures (others)
  A plant (D:2)
1 creature vanquished.

Grand Total: 17 creatures vanquished

Notes
Turn   | Place    | Note
-------+----------+-------------------------------------------
     0 | D:1      | SensoryNuts the Demonspawn Gladiator began the quest for
                  | the Orb.
     0 | D:1      | Reached XP level 1. HP: 16/16 MP: 1/1
   165 | D:1      | Reached skill level 3 in Long Blades
   180 | D:1      | Gained mutation: You are partially covered in thin metallic
                  | scales. (AC +2) [demonic ancestry]
   180 | D:1      | Reached XP level 2. HP: 16/22 MP: 2/2
   358 | D:1      | Found a faded altar of an unknown god.
   370 | D:1      | Prayed at the altar of an unknown god.
   370 | D:1      | Became a worshipper of Nemelex Xobeh the Trickster
   370 | D:1      | Reached * piety under Nemelex Xobeh
   433 | D:1      | Received a gift from Nemelex Xobeh
   983 | D:1      | Reached ** piety under Nemelex Xobeh
  1149 | D:2      | Noticed Terence
  1165 | D:2      | HP: 1/22 [Terence (7)]
  1168 | D:2      | Frozen to death by an endoplasm

Illustrated notes

Levels and vault maps discovered:
D:1:      noname_arrival_rooms_in_the_neighbourhood, layout_loops_corners,
          dreamdust_ecumenical_altar_statues
D:2:      layout_rooms, serial_bayou, serial_bayou_crossing,
          serial_bayou_pond_e, serial_bayou_shore_b, serial_bayou_shore_a,
          serial_bayou_lagoon_b, uniq_terence, uniq_robin

Skill      XL: |  1 |
---------------+----+-----
Long Blades    | 3 |  3.2
Fighting       | |  2.0
Throwing       | |  1.8
Dodging        | |  2.9
Stealth        | |  0.2

Action                   || total
-------------------------++-------
Melee: Long sword        ||    42
       Spear             ||    17
  Use: Scroll            ||     3
       Potion            ||     3
 Stab: Sleeping          ||     1
Armor: Leather armour    ||    10
Dodge: Dodged            ||    54

Table legend: (Time is in decaauts)
 A = Elapsed time spent in this place.
 B = Non-inter-level travel time spent in this place.
 C = Inter-level travel time spent in this place.
 D = Time resting spent in this place.
 E = Time spent auto-exploring this place.
 F = Levels seen in this place.
 G = Mean time per level.
                   A        B        C        D        E       F      G
               +--------+--------+--------+--------+--------+-----+--------+
         Total |   1165 |   1165 |      0 |      0 |    976 |   2 |  582.5 |
       Dungeon |   1165 |   1165 |      0 |      0 |    976 |   2 |  582.5 |
               +--------+--------+--------+--------+--------+-----+--------+

Top non-repeatable levels by time:
     D:1: 1112 daAuts
     D:2: 52 daAuts
